 Dungeon Crawl Stone Soup version 0.20-a0-315-g8346a86 (console) character file.

49 rlgrobin the Grave Robber (level 4, 0/30 HPs)
             Began as a Human Necromancer on Dec 6, 2016.
             Killed by divine providence
             ... invoked by an orc priest
              (13 damage)
             ... on level 3 of the Dungeon on Dec 20, 2016.
             The game lasted 00:10:36 (1415 turns).

rlgrobin the Grave Robber (Human Necromancer)       Turns: 1415, Time: 00:10:37

Health: 0/30       AC:  2    Str:  8    XL:     4   Next: 1%
Magic:  6/7        EV: 13    Int: 17    God:
Gold:   110        SH:  0    Dex: 13    Spells: 6/8 levels left

rFire  . . .     SeeInvis .     f - +0 dagger
rCold  . . .     Gourm    .     a - +0 robe
rNeg   . . .     Faith    .     (no shield)
rPois  .         Spirit   .     (no helmet)
rElec  .         Reflect  .     (no cloak)
rCorr  .         Harm     .     (no gloves)
MR     .....                    (no boots)
Stlth  ++........               (no amulet)
                                (no ring)
                                (no ring)

@: no status effects
A: no striking features
a: no special abilities


You were on level 3 of the Dungeon.
You were not hungry.

You visited 1 branch of the dungeon, and saw 3 of its levels.

You collected 110 gold pieces.


   Skills:
 - Level 2.4 Dodging
 - Level 2.0 Stealth
 + Level 2.5 Spellcasting
 + Level 4.7 Necromancy


You had 6 spell levels left.
You knew the following spells:

 Your Spells              Type           Power        Failure   Level  Hunger
z - Pain                  Necr           ###.         2%          1    #......
Z - Animate Skeleton      Necr           N/A          2%          1    #......

Inventory:

Hand Weapons
 f - a +0 dagger (weapon)
Armour
 a - a +0 robe (worn)
Scrolls
 d - a scroll of teleportation {unknown}
 h - a scroll of fear {unknown}
 i - a scroll of random uselessness {unknown}
 k - a scroll of remove curse {unknown}
 n - a scroll of blinking {unknown}
Potions
 e - a potion of curing {unknown}
 g - a potion of cancellation {unknown}
 j - a potion of haste {unknown}
 m - a potion of brilliance {unknown}
Books
 b - a book of Necromancy

   Spells                             Type                      Level
   a - Pain                           Necromancy                   1
   b - Animate Skeleton               Necromancy                   1
   c - Vampiric Draining              Necromancy                   3
   d - Regeneration                   Charms/Necromancy            3
   e - Animate Dead                   Necromancy                   4
   f - Control Undead                 Necromancy                   4
Comestibles
 c - a bread ration
 l - 2 meat rations
 o - 2 chunks of flesh

Dungeon Overview and Level Annotations

Branches:
Dungeon (2/15)

Altars:

▒<......▒.▒...▒▒▒▒▒▒▒
▒.......▒...........+
▒.......▒.▒...▒▒▒▒▒▒▒
▒▒▒.......▒.....▒
..............>▒▒
▒...........>▒
▒......▒.▒▒.▒
▒......▒.▒▒.▒▒▒▒▒▒▒▒...
▒............p.Zoooo...
▒▒'▒▒▒.▒▒▒▒.▒▒▒▒▒▒▒▒▒..
▒.▒ ▒.▒ ▒.▒
▒.▒▒▒.▒▒▒▒Z▒
▒.....)....▒
▒.▒▒▒.▒▒▒▒.▒ ▒.▒ ▒.▒
▒.▒ ▒.▒ ▒.▒ ▒.▒ ▒▒▒ ▒.▒
▒.▒


You could see an orc priest, 3 orcs and a friendly kobold skeleton.


Message History

Aim: an orc wizard, wielding a dagger and wearing a robe (chance to defeat MR: 78%)
The orc wizard writhes in agony!!!
The orc shouts!!!
The orc wizard gestures at you while chanting!
The magic dart hits you!!!
An orc comes into view! It is wielding a club!
Casting: Pain
Confirm with ! or Enter, or press ? or * to list all spells!
Aiming: Pain
Press: ? - help, Shift-Dir - straight line, f/p - orc wizard
Aim: an orc wizard, wielding a dagger and wearing a robe (moderately wounded, chance to defeat MR: 78%)
The orc wizard barely resists!
The orc shouts!!!
The orc wizard casts a spell!
The orc wizard blinks!!!
An orc priest comes into view! It is wielding a falchion!
Press: ? - help, v - describe, ! - travel
Here: a kobold skeleton (friendly)
The floor!
The orc priest calls down the wrath of Beogh upon you!
Beogh smites you!!! * * * don't die
* * * Your kobold skeleton hits the orc but does no damage!
An orc comes into view! It is wielding a hand axe!
The orc hits your kobold skeleton with a club!
The orc wizard gestures wildly while chanting!
The orc wizard blinks!!!
The orc priest mumbles some strange prayers to Beogh against you!
Beogh smites you!!! rip

Action                   |  1- 3 |  4- 6 || total
-------------------------+-------+-------++-------
Melee: Dagger            |     8 |       ||     8
 Cast: Pain              |    58 |     5 ||    63
       Animate Skeleton  |     1 |       ||     1
  Eat: Chunk             |     2 |       ||     2
Armor: Robe              |     5 |       ||     5
Dodge: Dodged            |     9 |     1 ||    10

Vault maps used:
D:1:      lightli_arrival_noodles
D:3:      lemuel_coloured_pillars_altar, first_bread, uniq_grinder

Notes
Turn   | Place    | Note
-------+----------+-------------------------------------------
     0 | D:1      | rlgrobin the Human Necromancer began the quest for the Orb.
     0 | D:1      | Reached XP level 1. HP: 13/13 MP: 3/3
     1 | D:1      | Upgraded the game from 0.20-a0-267-g4a7ec2a to 0.20-a0-315-g8346a86
    44 | D:1      | Reached XP level 2. HP: 17/19 MP: 1/5
   470 | D:1      | Reached XP level 3. HP: 13/24 MP: 0/6
   510 | D:1      | Learned a level 1 spell: Animate Skeleton
  1042 | D:2      | You fall through a shaft!
  1334 | D:3      | Reached XP level 4. HP: 28/30 MP: 3/7
  1415 | D:3      | Killed from afar by an orc priest

Vanquished Creatures
  An adder (D:2)
  3 leopard geckos
  2 giant cockroaches (D:1)
  8 goblins
  2 hobgoblins
  2 jackals (D:2)
  A quokka (D:3)
  2 ball pythons
  4 bats (D:1)
  A frilled lizard (D:3)
  5 kobolds
  5 rats
36 creatures vanquished.
